 Dungeon Crawl Stone Soup version 0.19-a0-1773-gaa448fe (webtiles) character file.

3 Laraso the Shield-Bearer (level 1, 14/14 HPs)
             Began as a Gargoyle Fighter on Oct 15, 2016.
             Quit the game on level 1 of the Dungeon.
             The game lasted 00:00:13 (232 turns).

Laraso the Shield-Bearer (Gargoyle Fighter)          Turns: 232, Time: 00:00:14

Health: 14/14      AC:  9    Str: 19    XL:     1   Next: 50%
Magic:  1/1        EV:  7    Int:  8    God:
Gold:   0          SH:  9    Dex:  9    Spells: 0 memorised, 0 levels left

rFire  . . .     SeeInvis .     a - +0 flail
rCold  . . .     Gourm    .     b - +0 scale mail
rNeg   + . .     Faith    .     c - +0 shield
rPois  ∞         Spirit   .     (no helmet)
rElec  +         Dismiss  .     (no cloak)
rCorr  .         Reflect  .     (no gloves)
MR     .....     Harm     .     (no boots)
Stlth  ..........               (no amulet)
                                (no ring)
                                (no ring)

@: no status effects
A: negative energy resistance 1, electricity resistance, unbreathing,
petrification resistance, rot immunity, AC +2
a: no special abilities


You were on level 1 of the Dungeon.
You were not hungry.

You visited 1 branch of the dungeon, and saw 1 of its levels.

Inventory:

Hand Weapons
 a - a +0 flail (weapon)
Armour
 b - a +0 scale mail (worn)
 c - a +0 shield (worn)
Potions
 d - a potion of might
 e - a potion of haste {unknown}
Comestibles
 f - a bread ration
 g - a chunk of flesh
 h - a slice of pizza


   Skills:
 - Level 3.2 Fighting
 * Level 2.3 Maces & Flails
 - Level 3.2 Armour
 - Level 3.2 Shields


You couldn't memorise any spells.
You didn't know any spells.

Dungeon Overview and Level Annotations

Branches:
Dungeon (1/15)

Altars:


Innate Abilities, Weirdness & Mutations

You are resistant to torment.
Your stone body is resilient. (AC +2)
You are immune to poison.
You resist negative energy. (rN+)
You are resistant to electric shocks. (rElec)
You can survive without breathing.
You are immune to petrification.
You are immune to rotting.


Message History

Found an escape hatch in the floor.
There is an open door here.
There is an escape hatch in the floor here.
You open the door.
Found a stone staircase leading down.
There is an open door here.
There is an open door here.
There is an escape hatch in the floor here.
There is an open door here.
There is an open door here.
There is an open door here.
Found a mace.
You see here a mace.
A giant cockroach comes into view.
A giant cockroach is nearby!
You barely miss the giant cockroach.
The giant cockroach bites you but does no damage.
The giant cockroach barely misses you.
You sock the giant cockroach!
You kill the giant cockroach!
No target in view!
Key pressed, stopping explore.
Unknown command.
e - a ruby potion A leopard gecko comes into view.
The leopard gecko hisses angrily.
A leopard gecko is nearby!
A leopard gecko is nearby!
A leopard gecko is nearby!
A leopard gecko is nearby!
You block the leopard gecko's attack.
Your shield and scale mail prevent you from hitting the leopard gecko.
You block the leopard gecko's attack.
You miss the leopard gecko. The leopard gecko closely misses you.
The leopard gecko barely misses you.
You closely miss the leopard gecko. The leopard gecko barely misses you.
The leopard gecko bites you.
You take 1 damage, and have 13/14 hp.
You closely miss the leopard gecko.
The leopard gecko hisses menacingly.
The leopard gecko bites you but does no damage.
You miss the leopard gecko. You block the leopard gecko's attack.
The leopard gecko bites you.
You take 3 damage, and have 10/14 hp.
MASSIVE DAMAGE!!
You barely miss the leopard gecko.
The leopard gecko bites you but does no damage.
The leopard gecko barely misses you.
You sock the leopard gecko!
You kill the leopard gecko!
No target in view!
Unknown command.
You see here a leopard gecko corpse.
You butcher the leopard gecko corpse.
g - a chunk of flesh You start resting.
Health restored: 14
h - a slice of pizza You open the door.
There is an open door here.

....# ####### ....#
#.....# ##..# #.....#
.#..# #.....# .#..#
#.....# ##..######.....#
....#..........#
##.##.####.....#########
##.##.# #.....'@.......
##.##.# #.....#########
##.##.####.....#
...##...########
.######.# ).......#
#########


There were no monsters in sight!

Vanquished Creatures
  A leopard gecko (D:1)
  A giant cockroach (D:1)
2 creatures vanquished.

Notes
Turn   | Place    | Note
-------+----------+-------------------------------------------
     0 | D:1      | Laraso the Gargoyle Fighter began the quest for the Orb.
     0 | D:1      | Reached XP level 1. HP: 14/14 MP: 1/1
   232 | D:1      | Quit the game

Vault maps used:
D:1:      dpeg_arrival_connections, minmay_pentomino_u2

Action                   || total
-------------------------++-------
Melee: Flail             ||     9
Armor: Scale mail        ||     3
Dodge: Dodged            ||     5
Block: Shield            ||     3

Table legend:
 A = Kills in this place as a percentage of kills in entire the game.
 B = Kills by you in this place as a percentage of kills by you in the entire game.
 C = Kills by friends in this place as a percentage of kills by friends in the entire game.
 D = Other kills in this place as a percentage of other kills in the entire game.
 E = Experience gained in this place as a percentage of experience gained in the entire game.
 F = Experience gained in this place divided by the number of levels of this place that you have seen.
                   A       B       C       D       E      F
               +-------+-------+-------+-------+-------+----------------------
         Total | 100.0 | 100.0 |  -nan |  -nan | 100.0 |   5.0
       Dungeon | 100.0 | 100.0 |  -nan |  -nan | 100.0 |   5.0
               +-------+-------+-------+-------+-------+----------------------

Table legend:
 A = Turns spent in this place as a percentage of turns spent in the entire game.
 B = Non-inter-level travel turns spent in this place as a percentage of non-inter-level travel turns spent in the entire game.
 C = Inter-level travel turns spent in this place as a percentage of turns spent in this place.
 D = Turns resting spent in this place as a percentage of non-inter-level travel turns spent in this place.
 E = Turns spent auto-exploring this place as a percentage of non-inter-level travel turns spent in this place.
 F = Non-inter-level travel turns spent in this place divided by the number of levels of this place that you've seen.
                   A       B       C       D       E      F
               +-------+-------+-------+-------+-------+----------------------
         Total | 100.0 | 100.0 |   0.0 |   4.5 |  15.9 |  44.0
       Dungeon | 100.0 | 100.0 |   0.0 |   4.5 |  15.9 |  44.0
               +-------+-------+-------+-------+-------+----------------------

Vault maps used:
D:1:      dpeg_arrival_connections, minmay_pentomino_u2
